Map: NeoHumanity LE

Players

A.I. 1 (Medium)

  • Race: Terran Terran
  • Spawn Location: 11:00

A.I. 2 (Medium) - Winner!

  • Race: Terran Terran
  • Spawn Location: 5:00

VOD

Have the link to the VOD?

Description

Time

  • Played on: Feb. 13, 2023, 8:25 a.m.
  • Length: 15:55
Show
View Real Time Build Order
Export as new Build Order

A.I. 1 (Medium) Terran 

Build Orders:  

Get SALT Encoding   

  12  0:01  SCV  
  13  0:13  SCV  
  14  0:18  Supply Depot  
  14  0:25  SCV  
  15  0:39  SCV  
  16  0:43  Barracks  
  16  0:48  Refinery  
  16  0:52  SCV  
  17  1:04  SCV  
  18  1:15  Supply Depot  
  18  1:31  Marine  
  18  1:32  Barracks  
  19  1:33  Orbital Command  
  19  1:42  Refinery  
  19  1:50  Barracks Tech Lab  
  19  2:02  Factory  
  19  2:08  Marine  
  20  2:18  Marine  
  20  2:22  Supply Depot  
  21  2:27  Marine  
  22  2:36  Marine  
  23  2:45  Marine  
  23  2:46  SCV  
  25  2:54  Marine  
  26  2:58  SCV  
  26  3:01  Supply Depot  
  26  3:02  Hellion  
  29  3:11  SCV  
  30  3:17  Engineering Bay  
  30  3:23  SCV  
  30  3:24  Hellion  
  33  3:35  SCV  
  34  3:45  Hellion  
  34  3:47  SCV  
  37  5:18  Barracks Tech Lab  
  37  5:19  SCV, Marauder  
  40  5:21  Factory Tech Lab, Factory  
  40  5:23  Missile Turret  
  40  5:24  Missile Turret  
  40  5:28  Sensor Tower  
  40  5:29  Supply Depot  
  40  5:31  Armory  
  40  5:34  Barracks  
  40  5:35  SCV  
  41  5:40  Marauder  
  39  5:43  Starport  
  39  5:46  Siege Tank, Bunker  
  33  5:52  Supply Depot  
  33  5:57  Marine  
  34  6:04  Factory Tech Lab  
  34  6:08  Marine  
  35  6:15  SCV  
  35  6:19  Starport Tech Lab  
  35  6:20  Marine  
  35  6:21  Barracks Reactor  
  36  6:31  Marine  
  37  6:38  Raven  
  39  6:43  Marine  
  40  6:50  Command Center  
  40  6:54  Marine  
  41  7:06  Siege Tank  
  44  7:12  Raven  
  46  7:18  Widow Mine  
  48  7:38  Widow Mine  
  49  8:01  SCV  
  49  8:04  SCV, Refinery  
  51  8:13  SCV  
  51  8:14  Missile Turret  
  51  8:16  SCV  
  53  8:21  Missile Turret  
  53  8:25  Refinery  
  53  8:26  SCV  
  54  8:29  SCV  
  55  8:38  SCV  
  55  8:41  SCV  
  57  8:42  Bunker  
  56  8:50  SCV  
  56  8:53  SCV  
  58  9:02  SCV  
  59  9:05  SCV  
  60  9:14  SCV  
  61  9:17  SCV  
  62  9:26  SCV  
  62  9:29  SCV  
  64  9:38  SCV  
  64  9:41  SCV  
  64  9:43  Medivac  
  64  9:44  Marine, Stimpack, Combat Shield  
  69  9:45  Terran Infantry Weapons Level 1  
  69  9:46  Starport  
  69  9:47  Supply Depot  
  69  9:49  Marine  
  69  9:50  Ghost Academy, SCV  
  71  9:54  Marine, Fusion Core  
  71  9:59  Marine, Engineering Bay  
  73  10:04  Marine  
  73  10:05  Armory  
  64  10:09  Marine, SCV  
  64  10:13  Medivac, SCV, Supply Depot  
  60  10:14  Marine  
  60  10:19  Marine  
  58  10:23  Starport Reactor  
  58  10:24  Marine  
  58  10:25  Terran Infantry Armor Level 1  
  54  10:29  Marine  
  54  10:35  Marine  
  55  10:40  Marine, SCV  
  55  10:43  Medivac  
  55  10:46  Marauder  
  53  10:51  Marauder  
  53  10:56  Cyclone  
  55  10:59  Medivac  
  55  11:01  Marine, SCV  
  52  11:06  Marine  
  52  11:09  SCV  
  52  11:11  Marine  
  45  11:13  SCV  
  45  11:14  Raven  
  45  11:17  Siege Tank  
  48  11:21  Marine  
  48  11:22  SCV  
  46  11:27  Marine  
  46  11:32  Marine  
  44  11:37  Marine  
  35  11:42  Marine  
  35  11:46  Medivac  
  36  11:47  Marine  
  36  11:48  Raven  
  36  11:49  Medivac  
  36  11:52  Marine  
  40  11:57  Marine  
  40  12:00  SCV  
  36  12:02  Marine  
  36  12:04  SCV  
  36  12:10  Marauder  
  36  12:12  Marine  
  30  12:17  Marine  
  30  12:22  Marine, Raven  
  28  12:31  Marauder  
  28  12:32  SCV  
  28  12:35  Viking  
  28  12:41  SCV  
  28  12:42  Hellion  
Show
View Real Time Build Order
Export as new Build Order

A.I. 2 (Medium) Terran - Winner!

Build Orders:  

Get SALT Encoding   

  12  0:00  SCV  
  13  0:13  SCV  
  14  0:18  Supply Depot  
  14  0:25  SCV  
  15  0:39  SCV  
  16  0:44  Barracks  
  16  0:51  SCV  
  17  1:03  SCV  
  18  1:15  Command Center  
  18  1:31  Orbital Command  
  18  1:32  Marine  
  19  1:37  Supply Depot  
  19  1:44  Refinery  
  19  1:50  Marine  
  20  1:57  SCV  
  20  1:58  Barracks  
  21  2:07  Refinery  
  21  2:09  SCV  
  22  2:17  Marine  
  22  2:22  SCV  
  24  2:34  SCV  
  24  2:36  Barracks Tech Lab  
  25  2:40  SCV  
  26  2:47  SCV  
  26  2:49  Refinery  
  27  2:55  Refinery  
  27  2:56  Marauder  
  29  3:00  Barracks Tech Lab  
  29  3:11  SCV  
  30  3:17  SCV, Marauder  
  30  3:18  Factory  
  33  3:23  SCV  
  33  3:26  Marauder  
  36  3:29  SCV  
  36  3:32  Factory  
  36  3:35  SCV  
  36  3:40  Marine  
  38  3:49  Supply Depot  
  38  3:54  Marine  
  39  4:03  Factory Tech Lab  
  39  4:06  Starport  
  39  4:07  SCV  
  39  4:09  Reaper  
  41  4:10  SCV  
  41  4:15  Factory Tech Lab  
  42  4:19  SCV  
  42  4:23  Marine, Supply Depot  
  44  4:26  SCV  
  45  4:31  SCV  
  46  4:38  SCV  
  46  4:40  Marine  
  46  4:43  Medivac, SCV  
  51  4:50  SCV  
  51  4:51  Reaper  
  53  4:56  SCV  
  53  4:58  Supply Depot  
  54  5:03  SCV  
  54  5:05  Marine  
  56  5:19  SCV  
  56  5:20  Medivac  
  59  5:23  Marine  
  59  5:25  Supply Depot  
  59  5:26  SCV  
  61  5:34  Marine  
  62  5:38  Engineering Bay  
  62  5:41  SCV  
  59  5:44  SCV  
  59  5:49  Marauder  
  59  5:51  Starport Tech Lab  
  59  5:53  SCV  
  59  5:55  Supply Depot  
  59  5:56  SCV  
  61  6:03  Reaper  
  62  6:05  SCV  
  62  6:07  Missile Turret  
  62  6:08  SCV, Missile Turret  
  62  6:11  Raven  
  66  6:13  Missile Turret  
  66  6:17  SCV, Reaper  
  66  6:18  Supply Depot  
  68  6:20  SCV  
  68  6:24  Missile Turret  
  69  6:29  SCV  
  69  6:30  Sensor Tower  
  69  6:32  SCV  
  71  6:33  Ghost Academy  
  71  6:35  Marine  
  72  6:41  Bunker, SCV  
  72  6:44  SCV  
  72  6:45  Raven  
  76  6:48  Bunker  
  76  6:49  Marine, Supply Depot  
  76  6:53  SCV  
  78  6:57  Armory  
  78  7:00  Marine  
  79  7:01  Barracks  
  79  7:14  Marine  
  80  7:28  Ghost  
  82  7:43  Marine  
  83  7:49  Barracks Reactor  
  83  7:57  Marine  
  84  8:12  Reaper  
  83  10:00  Reaper  
  83  10:05  Raven  
  83  10:06  Stimpack, Combat Shield  
  81  10:07  Terran Infantry Weapons Level 1  
  81  10:10  Reaper  
  81  10:12  Starport  
  81  10:13  Supply Depot  
  78  10:16  Fusion Core  
  78  10:20  Siege Tank, Engineering Bay  
  81  10:25  Command Center, Armory  
  81  10:30  Widow Mine  
  83  10:38  Supply Depot  
  83  10:46  Terran Infantry Armor Level 1  
  83  10:47  Starport Reactor  
  83  10:51  Thor  
  83  10:56  Siege Tank  
  92  11:11  Medivac  
  92  11:25  Concussive Shells  
  92  11:29  Widow Mine  
  94  11:34  Siege Tank  
  94  11:38  SCV  
  98  11:41  SCV  
  98  11:44  SCV  
  100  11:50  Thor  
  106  11:57  Refinery  
  106  12:00  Missile Turret  
  106  12:01  Missile Turret  
  106  12:04  Refinery  
  106  12:23  Bunker  
  106  13:06  Medivac  
  106  14:17  Marine  
  106  14:22  Marauder, Supply Depot  
  109  14:25  Marauder  
  109  14:29  Marine  
  112  14:35  Marine  
  113  14:43  Marauder  
  115  14:46  Command Center, Supply Depot  
  115  14:47  Marine, Marauder  
  118  14:52  Marine  
  119  15:05  Marauder  
  119  15:06  Marine  
  122  15:07  Ghost  
  122  15:10  Marine, Supply Depot  
  125  15:24  Marine  
  125  15:27  Marauder  
  125  15:28  Marine  
Tags
 
Matchup
TvT
Race
Terran
Spawn Locations
Cross Positions
Add a new tag
Caveats
  • Supply blocks, unpowered buildings, or Contaminate may cause inaccurate times.
  • Supply counts are checked every 10 seconds.